 Dungeon Crawl Stone Soup version 0.29.0-5-ge4962eb29e (webtiles) character file.

Game seed: 8119805686582759781

28 avis the Caller (level 2, 0/11 HPs)
             Began as a Felid Summoner on Aug 28, 2022.
             Succumbed to an adder's poison
             ... on level 1 of the Dungeon.
             The game lasted 00:07:33 (1898 turns).

avis the Caller (Felid Summoner)                    Turns: 1898, Time: 00:07:33

Health: 0/11       AC:  1    Str:  4    XL:     2   Next: 96%
Magic:  6/6        EV: 17    Int: 16    God:
Gold:   101        SH:  0    Dex: 16    Spells: 3/6 levels left
                                        Lives:  0   Deaths: 0

rFire   . . .      SeeInvis +   (weapon unavailable)
rCold   . . .      Faith    .   (shield unavailable)
rNeg    . . .      Spirit   .   (body armour unavailable)
rPois   .          Reflect  .   (helmet unavailable)
rElec   .          Harm     .   (cloak unavailable)
rCorr   .          Rampage  .   (gloves unavailable)
Will    .....                   (boots unavailable)
Stlth   ++........              (no amulet)
HPRegen 0.03/turn               (no ring)
MPRegen 0.10/turn               (no ring)

@: lethally poisoned (0 -> -1), invisible, quick
A: very small, claws 1, fangs 3, see invisible, speed 1, shaggy fur 1, stealthy
paws, no weapons or thrown items, no armour, multi-lived
a: no special abilities


You were on level 1 of the Dungeon.
You visited 1 branch of the dungeon, and saw 2 of its levels.

You collected 101 gold pieces.

Inventory:

Scrolls
 b - a scroll of poison {unknown}
 c - 2 scrolls of enchant weapon {unknown}
 d - a scroll of torment {unknown}
 e - a scroll of blinking {unknown}
 f - 5 scrolls of identify {unknown}
Potions
 a - 2 potions of magic


   Skills:
 - Level 2.7 Dodging
 - Level 3.4 Stealth
 * Level 2.5 Spellcasting
 + Level 4.4 Summonings


You had 3 spell levels left.
You knew the following spells:

 Your Spells              Type           Power      Damage    Failure   Level
a - Summon Small Mammal   Summ           64%        N/A       3%          1
c - Call Imp              Summ           16%        N/A       4%          2

Your spell library contained the following spells:

 Spells                   Type           Power      Damage    Failure   Level
 Call Canine Familiar     Summ           16%        N/A       10%         3
 Summon Guardian Golem    Hex/Summ       9%         N/A       24%         3
 Summon Lightning Spire   Summ/Air       9%         N/A       63%         4


Dungeon Overview and Level Annotations

Branches:
Dungeon (2/15)

Altars:


Innate Abilities, Weirdness & Mutations

You have sharp claws.
You have razor-sharp teeth.
You have supernaturally acute eyesight. (SInv)
You cover ground quickly. (Speed+)
You are covered in fur. (AC +1)
Your paws help you pounce on unaware monsters.
You are incapable of wielding weapons or throwing items.
You cannot wear armour.
You gain extra lives every three experience levels.


Message History

You climb upwards.
There is a stone staircase leading down here.
There is an open door here.
There is an open door here.
There is a stone staircase leading down here.
You climb downwards.
The frilled lizard hisses angrily.
The adder hisses angrily.
The goblin barely misses you.
Found 7 gold pieces.
There is a stone staircase leading up here.
The adder closely misses you. The goblin hits you but does no damage.
The frilled lizard closely misses you.
You climb upwards.
There is a stone staircase leading down here.
You miss the frilled lizard. The adder closely misses you.
The frilled lizard barely misses you. The adder misses you.
You scratch the frilled lizard but do no damage.
You bite the frilled lizard.
You kill the frilled lizard!
The adder barely misses you. The adder barely misses you.
You see here a frilled lizard corpse.
The adder attacks as you move away! The adder misses you.
The adder attacks as you move away! The adder bites you.
The adder attacks as you move away! The adder bites you. The adder misses you.
There is an open door here.
The adder attacks as you move away! The adder bites you.
You are poisoned.
The adder poisons you!
You feel sick.
You feel sick. The adder attacks as you move away! The adder bites you.
* * * LOW HITPOINT WARNING * * *
You feel sick.
It was a potion of invisibility.
You fade into invisibility!
* * * LOW HITPOINT WARNING * * *
You feel sick. The adder misses you.
* * * LOW HITPOINT WARNING * * *
You feel sick.
You die...

#......#
#.........#
#......#
#(........#
#####'##
#.........#
#.#
###########
#g#####
#.#...#
#.S...#
##....#
#..@.# ####
###'## #...
####..## #...
#......###
#...
#........#
#...
#.....##.###
#...
#.....##...#
#...
#.....####.##
#... #######
#..## ####


You could see an adder (unable to see you) and a goblin (unable to see you).

Vanquished Creatures
  A ball python (D:1)
  2 endoplasms (D:1)
  3 giant cockroaches (D:1)
  2 goblins (D:1)
  A quokka (D:1)
  A bat (D:1)
  3 frilled lizards (D:1)
  2 kobolds (D:1)
  2 rats (D:1)
17 creatures vanquished.

Vanquished Creatures (collateral kills)
  A dart slug (D:1)
  A goblin (D:1)
  A hobgoblin (D:1)
  A quokka (D:1)
  2 ball pythons
  A kobold (D:1)
  A rat (D:2)
8 creatures vanquished.

Grand Total: 25 creatures vanquished

Notes
Turn   | Place    | Note
-------+----------+-------------------------------------------
     0 | D:1      | avis the Felid Summoner began the quest for the Orb.
     0 | D:1      | Reached XP level 1. HP: 7/7 MP: 4/4
   355 | D:1      | Reached XP level 2. HP: 10/11 MP: 3/6
   371 | D:1      | Learned a level 2 spell: Call Imp
  1898 | D:1      | Succumbed to an adder's poison

Illustrated notes

Levels and vault maps discovered:
D:1:      heliophobic_arrival_battle_scene, layout_basic, minmay_heptomino_h4
D:2:      layout_rooms, kennysheep_donut, minmay_misc_feat_diagonals,
          dk_noncrumbling_4

Skill      XL: |  1 |
---------------+----+-----
Stealth        | 3 |  3.4
Dodging        | |  2.7
Spellcasting   | |  2.5
Summonings     | |  4.4

Action                   || total
-------------------------++-------
Melee: Unarmed           ||    79
       Bite              ||     7
 Cast: Summon Small Mamm ||     6
       Call Imp          ||     7
  Use: Potion            ||     1
 Stab: Sleeping          ||     7
       Distracted        ||     1
Armor: Skin              ||     8
Dodge: Dodged            ||    61
